 Dungeon Crawl Stone Soup version 0.24-a0-201-gf205589 (console) character file.

Game seed: 10896342956488919415

2 bli the Sneak (level 1, -1/18 HPs)
             Began as a Naga Wanderer on Mar 20, 2019.
             Slain by a kobold
             ... wielding a +0 short sword
              (5 damage)
             ... on level 1 of the Dungeon.
             The game lasted 00:01:11 (39 turns).

bli the Sneak (Naga Wanderer)                         Turns: 39, Time: 00:01:12

Health: -1/18      AC:  1    Str: 15    XL:     1   Next: 40%
Magic:  1/1        EV:  9    Int: 13    God:
Gold:   4          SH:  0    Dex:  8    Spells: 0/0 levels left

rFire    . . .     SeeInvis +   a - +0 mace
rCold    . . .     Gourm    .   (no shield)
rNeg     . . .     Faith    .   d - +0 robe
rPois    +         Spirit   .   (no helmet)
rElec    .         Reflect  .   (no cloak)
rCorr    .         Harm     .   (no gloves)
MR       .....                  (no barding)
Stlth    ++........             (no amulet)
HPRegen  0.06/turn              (no ring)
MPRegen  0.07/turn              (no ring)

@: very slow
A: large, see invisible, deformed body, poison resistance, slowness 2, slow
metabolism 1, spit poison 1, AC +0
a: Spit Poison


You were on level 1 of the Dungeon.
You were not hungry.

You visited 1 branch of the dungeon, and saw 1 of its levels.

You collected 4 gold pieces.

Inventory:

Hand Weapons
 a - a +0 mace (weapon)
 e - a +0 dagger
Armour
 d - a +0 robe (worn)
Scrolls
 b - 2 scrolls of blinking
 c - a scroll of teleportation
Comestibles
 f - 2 rations
 g - 2 chunks of flesh


   Skills:
 * Level 1.0 Fighting
 * Level 2.0 Maces & Flails
 - Level 1.5 Armour
 + Level 1.0 Dodging
 + Level 4.6 Stealth
 - Level 1.0 Unarmed Combat


You couldn't memorise any spells.
You didn't know any spells.
Your spell library was empty.

Dungeon Overview and Level Annotations

Branches:
Dungeon (1/15)

Altars:


Innate Abilities, Weirdness & Mutations

You cannot wear boots.
Your serpentine skin is tough. (AC +0)
You have supernaturally acute eyesight. (SInv)
Armour fits poorly on your strangely shaped body.
Your system is resistant to poisons. (rPois)
You cover ground very slowly.
You have a slow metabolism.
You can spit poison.


Message History

You butcher the hobgoblin corpse.
g - 2 chunks of flesh (gained 1)
Things that are here:
a cursed -3 club; a hobgoblin skeleton You see here a frilled lizard skeleton.
You see here a dagger.
You see here a ration.
f - 2 rations (gained 1)
The goblin shouts!
The kobold shouts!
The kobold hits you with a +0 short sword.
You closely miss the kobold.
The kobold hits you with a +0 short sword!
* * * LOW HITPOINT WARNING * * *
You closely miss the kobold.
The kobold hits you with a +0 short sword.
* * * LOW HITPOINT WARNING * * *
A kobold comes into view. It is wielding a +0 short sword.
You closely miss the goblin.
The kobold hits you with a +0 short sword.
You die...

.##...K.......
.............
............ ##..
###........... #....
............# ....
#..........# ##..
#..gK......# #...##
##...@......#
#..####...#.##.####
#...........#
#...#####...###.
#...# #...........
#.).###...........
#...##...###...###
#..>.....#......>#
#....#..รท).#.......#
#.#..#..#...........
#.#..#..#......#....


You could see a goblin and 2 kobolds.

Vanquished Creatures
  A hobgoblin (D:1)
  2 frilled lizards (D:1)
3 creatures vanquished.

Notes
Turn   | Place    | Note
-------+----------+-------------------------------------------
     0 | D:1      | bli the Naga Wanderer began the quest for the Orb.
     0 | D:1      | bli set off with the following items: a +0 mace, 2 scrolls
                  | of blinking, a scroll of teleportation, a +0 robe, a +0
                  | dagger, a ration
     0 | D:1      | Reached XP level 1. HP: 18/18 MP: 1/1
    39 | D:1      | Slain by a kobold

Levels and vault maps discovered:
D:1:      minmay_arrival_open_corners, layout_rooms

Action                   || total
-------------------------++-------
Melee: Mace              ||     7
Dodge: Dodged            ||     2

Table legend:
 A = Non-vault XP
 B = Vault XP
 C = Vault XP percentage of total XP
 D = Non-vault monster count
 E = Vault monster count
 F = Vault count percentage of total count
                 A         B        C        D         E       F
            +---------+---------+-------+---------+---------+-------
      Total |       4 |       0 |   0.0 |       3 |       0 |   0.0
            +---------+---------+-------+---------+---------+-------
        D:1 |       4 |       0 |   0.0 |       3 |       0 |   0.0
            +---------+---------+-------+---------+---------+-------
